 Dungeon Crawl Stone Soup version 0.29-a0-19-gef7f3e67aa (webtiles) character file.

Game seed: 6636476317080235508

76 Gargoyl the Skirmisher (level 4, -3/41 HPs)
             Began as a Gnoll Abyssal Knight on Jan 29, 2022.
             Was a Follower of Lugonu.
             Slain by Sigmund (5 damage)
             ... on level 2 of the Dungeon.
             The game lasted 00:01:40 (1345 turns).

Gargoyl the Skirmisher (Gnoll Abyssal Knight)       Turns: 1345, Time: 00:01:40

Health: -3/41      AC:  9    Str: 14    XL:     4   Next: 32%
Magic:  7/7        EV:  7    Int: 10    God:    Lugonu [*.....]
Gold:   32         SH:  0    Dex: 12    Spells: 5/5 levels left

rFire   . . .      SeeInvis .   a - +1 hand axe
rCold   . . .      Faith    .   (no shield)
rNeg    . . .      Spirit   .   i - +0 chain mail
rPois   .          Reflect  .   (no helmet)
rElec   .          Harm     .   (no cloak)
rCorr   .          Rampage  .   (no gloves)
Will    .....                   (no boots)
Stlth   ..........              (no amulet)
HPRegen 0.13/turn               (no ring)
MPRegen 0.10/turn               (no ring)

@: confused, brilliant, flying
A: fangs 1, strong nose, distributed training
a: Renounce Religion, Depart the Abyss


You were on level 2 of the Dungeon.
You worshipped Lugonu.
Lugonu was aware of your devotion.
You visited 1 branch of the dungeon, and saw 2 of its levels.
You visited the Abyss 1 time.

You collected 32 gold pieces.

Inventory:

Hand Weapons
 a - a +1 hand axe (weapon)
Armour
 i - a +0 chain mail (worn)
Scrolls
 d - a scroll of teleportation {unknown}
 e - 2 scrolls of identify {unknown}
 g - a scroll of vulnerability {unknown}
 h - a scroll of brand weapon {unknown}


   Skills:
 + Level 6.6 Fighting
 + Level 1.1 Short Blades
 + Level 1.1 Long Blades
 + Level 4.6 Axes
 + Level 1.1 Maces & Flails
 + Level 1.1 Polearms
 + Level 1.1 Staves
 + Level 1.1 Slings
 + Level 1.1 Bows
 + Level 1.1 Crossbows
 + Level 1.1 Throwing
 + Level 4.6 Armour
 + Level 2.7 Dodging
 + Level 1.1 Stealth
 + Level 1.1 Shields
 + Level 1.1 Unarmed Combat
 + Level 1.1 Spellcasting
 + Level 0.8 Conjurations
 + Level 0.8 Hexes
 + Level 0.8 Summonings
 + Level 0.8 Necromancy
 + Level 0.8 Translocations
 + Level 0.8 Transmutations
 + Level 0.8 Fire Magic
 + Level 0.8 Ice Magic
 + Level 0.8 Air Magic
 + Level 0.8 Earth Magic
 + Level 0.8 Poison Magic
 + Level 4.7 Invocations
 + Level 1.1 Evocations


You had 5 spell levels left.
You didn't know any spells.
Your spell library was empty.

Dungeon Overview and Level Annotations

Branches:
Dungeon (2/15)

Altars:
Nemelex Xobeh

Shops:
D:1 *

Annotations:
D:2 Sigmund


Innate Abilities, Weirdness & Mutations

You have very sharp teeth.
Your uncanny sense of smell can sniff out nearby items.
Your experience applies equally to all skills.


Message History

You barely miss something. Something hits you.
You closely miss something. You bite something. Something hits you!
It was a potion of flight.
You feel very buoyant.
You fly up into the air.
Something hits you but does no damage.
It was a potion of brilliance.
You feel clever all of a sudden.
You miss something. Something hits you but does no damage.
You hit something. Something hits you.
You closely miss something. You completely miss something.
Your bite misses something. Something hits you but does no damage.
You closely miss something. Something hits you but does no damage.
You slash something!
You hear some strange, mumbled words.
A magic dart appears from out of thin air!
The magic dart hits you but does no damage.
You barely miss something. Something hits you but does no damage.
You hit something. You barely miss something. Something hits you.
You closely miss something.
You hear some strange, mumbled words.
You are confused.
You're too confused to move!
Sigmund appears from thin air!
Reactivating autopickup.
Sigmund gestures at you while chanting.
You are more confused.
You bump into the rock wall.
Sigmund barely misses you.
You closely miss Sigmund.
Sigmund is almost dead.
A frilled lizard comes into view.
The frilled lizard hisses angrily.
Sigmund casts a spell at you. The puff of flame hits you!
* * * LOW HITPOINT WARNING * * *
Unknown command.
You bump into the rock wall.
Sigmund hits you with a +0 scythe.
* * * LOW HITPOINT WARNING * * *
You bump into the rock wall.
Sigmund hits you with a +0 scythe.
You die...

#...# #.# ##.##
#.# ####.####
#.######
#.......#
#.......
#.##.##.#
######## # #.##.#
#.#.##.##.#######
#....@...........
###.##@##.##.##.#
#.......# #
####.#### #.# .l.
... ... .....


You could see Sigmund and a frilled lizard.

Vanquished Creatures
  Natasha (D:2)
  Terence (D:2)
  A worm (D:2)
  A dart slug (D:1)
  An endoplasm (D:1)
  A giant cockroach (D:1)
  3 hobgoblins (D:1)
  A quokka (D:1)
  4 ball pythons
  3 bats (D:1)
  2 frilled lizards (D:1)
  3 kobolds
  A rat (D:2)
23 creatures vanquished.

Vanquished Creatures (others)
  2 starspawn tentacles (Abyss:2)
2 creatures vanquished.

Grand Total: 25 creatures vanquished

Notes
Turn   | Place    | Note
-------+----------+-------------------------------------------
     0 | Abyss:1  | Gargoyl the Gnoll Abyssal Knight began the quest for the
                  | Orb.
     0 | Abyss:1  | Reached XP level 1. HP: 23/23 MP: 3/3
    40 | Abyss:1  | Found a hazy altar of Hepliaklqana.
    54 | Abyss:1  | Noticed a lich
    99 | Abyss:2  | Noticed a tentacled starspawn
   125 | D:1      | Escaped the Abyss
   170 | D:1      | Noticed a black mamba
   170 | D:1      | Noticed an iguana
   170 | D:1      | Noticed a lindwurm
   171 | D:1      | Noticed a hog
   195 | D:1      | Found Kebemp's Assorted Antiques.
   269 | D:1      | Reached * piety under Lugonu
   270 | D:1      | Reached XP level 2. HP: 29/29 MP: 5/5
   306 | D:1      | Found a faded altar of an unknown god.
   822 | D:2      | Found a sparkling altar of Nemelex Xobeh.
  1027 | D:2      | Noticed Terence
  1036 | D:2      | Killed Terence
  1037 | D:2      | Reached XP level 3. HP: 31/35 MP: 6/6
  1092 | D:2      | Reached skill level 1 in Short Blades
  1092 | D:2      | Reached skill level 1 in Long Blades
  1092 | D:2      | Reached skill level 1 in Maces & Flails
  1092 | D:2      | Reached skill level 1 in Polearms
  1092 | D:2      | Reached skill level 1 in Staves
  1092 | D:2      | Reached skill level 1 in Slings
  1092 | D:2      | Reached skill level 1 in Bows
  1092 | D:2      | Reached skill level 1 in Crossbows
  1092 | D:2      | Reached skill level 1 in Throwing
  1092 | D:2      | Reached skill level 1 in Stealth
  1092 | D:2      | Reached skill level 1 in Shields
  1092 | D:2      | Reached skill level 1 in Unarmed Combat
  1092 | D:2      | Reached skill level 1 in Spellcasting
  1092 | D:2      | Reached skill level 1 in Evocations
  1094 | D:2      | Noticed Natasha
  1102 | D:2      | Killed Natasha
  1103 | D:2      | Reached XP level 4. HP: 28/41 MP: 7/7
  1314 | D:2      | Noticed Sigmund
  1344 | D:2      | HP: 2/41 [Sigmund (2)]
  1345 | D:2      | Slain by Sigmund

Illustrated notes

Levels and vault maps discovered:
D:1:      onia_arrival_zoo_common, layout_rooms,
          hellmonk_ecumenical_altar_blasted, serial_shops,
          nicolae_shop_overgrown_old_shop
D:2:      layout_loops_cross, basic_altar, minmay_pentomino_u2, uniq_terence,
          uniq_natasha, uniq_sigmund

Skill      XL: |  1  2  3 |
---------------+----------+-----
Short Blades   | 1 |  1.1
Long Blades    | 1 |  1.1
Maces & Flails | 1 |  1.1
Polearms       | 1 |  1.1
Staves         | 1 |  1.1
Slings         | 1 |  1.1
Bows           | 1 |  1.1
Crossbows      | 1 |  1.1
Throwing       | 1 |  1.1
Stealth        | 1 |  1.1
Shields        | 1 |  1.1
Unarmed Combat | 1 |  1.1
Spellcasting   | 1 |  1.1
Evocations     | 1 |  1.1
Fighting       | |  6.6
Axes           | |  4.6
Armour         | |  4.6
Dodging        | |  2.7
Conjurations   | |  0.8
Hexes          | |  0.8
Summonings     | |  0.8
Necromancy     | |  0.8
Translocations | |  0.8
Transmutations | |  0.8
Fire Magic     | |  0.8
Ice Magic      | |  0.8
Air Magic      | |  0.8
Earth Magic    | |  0.8
Poison Magic   | |  0.8
Invocations    | |  4.7

Action                   |  1- 3 |  4- 6 || total
-------------------------+-------+-------++-------
Melee: Hand axe          |    82 |    19 ||   101
       Bite              |     8 |     1 ||     9
       Punch             |     1 |       ||     1
Invok: Depart the Abyss  |     1 |       ||     1
  Use: Potion            |       |     2 ||     2
 Stab: Sleeping          |     1 |       ||     1
Armor: Leather armour    |     8 |       ||     8
       Ring mail         |    21 |       ||    21
       Chain mail        |    10 |     9 ||    19
Dodge: Dodged            |    49 |     1 ||    50

Table legend: (Time is in decaauts)
 A = Elapsed time spent in this place.
 B = Non-inter-level travel time spent in this place.
 C = Inter-level travel time spent in this place.
 D = Time resting spent in this place.
 E = Time spent auto-exploring this place.
 F = Levels seen in this place.
 G = Mean time per level.
                   A        B        C        D        E       F      G
               +--------+--------+--------+--------+--------+-----+--------+
         Total |   1389 |   1358 |     31 |      0 |   1009 |   4 |  347.2 |
       Dungeon |   1229 |   1198 |     31 |      0 |    903 |   2 |  614.5 |
         Abyss |    159 |    159 |      0 |      0 |    106 |   2 |   79.5 |
               +--------+--------+--------+--------+--------+-----+--------+

Top non-repeatable levels by time:
     D:1: 701 daAuts
     D:2: 528 daAuts
 Abyss:2: 97 daAuts
 Abyss:1: 62 daAuts
